Map: Orbitalwerft

Players

haddenlos - Winner!

  • Race: Protoss Protoss
  • League: Diamond

VBPreina

  • Race: Zerg Zerg
  • League: Diamond

VOD

Have the link to the VOD?

Description

Haddenlos wins

Time

  • Played on: Jan. 2, 2016, 9:03 a.m.
  • Length: 9:42
Show
View Real Time Build Order
Export as new Build Order

haddenlos Protoss - Winner!

Build Orders: Nexus First 

Get SALT Encoding   

  12  0:01  Probe (Chrono Boost)  
  13  0:11  Probe (Chrono Boost)  
  14  0:18  Pylon  
  14  0:22  Probe (Chrono Boost)  
  15  0:36  Probe (Chrono Boost)  
  16  0:47  Probe (Chrono Boost)  
  17  0:59  Nexus  
  17  1:10  Gateway  
  17  1:15  Assimilator  
  17  1:17  Probe (Chrono Boost)  
  18  1:28  Probe (Chrono Boost)  
  19  1:35  Pylon  
  19  1:38  Probe (Chrono Boost)  
  20  1:42  Assimilator  
  20  1:49  Probe (Chrono Boost)  
  21  1:59  Cybernetics Core, Probe (Chrono Boost)  
  22  2:10  Probe (Chrono Boost)  
  22  2:11  Zealot  
  22  2:13  Probe (Chrono Boost)  
  26  2:20  Probe (Chrono Boost)  
  27  2:30  Probe (Chrono Boost)  
  27  2:36  Probe (Chrono Boost), Warp Gate (Chrono Boost)  
  29  2:39  Stalker (Chrono Boost)  
  29  2:41  Probe (Chrono Boost)  
  32  2:46  Robotics Facility  
  32  2:50  Probe  
  33  2:52  Probe  
  34  3:03  Mothership Core  
  36  3:06  Probe  
  37  3:14  Stalker (Chrono Boost)  
  39  3:23  Probe  
  39  3:24  Probe  
  39  3:34  Probe  
  39  3:36  Gateway  
  39  3:37  Probe  
  39  3:39  Warp Prism (Chrono Boost)  
  39  3:41  Gateway  
  41  3:44  Gateway  
  43  3:53  Probe  
  44  4:00  Probe  
  45  4:05  Pylon  
  44  4:11  Probe  
  45  4:18  Observer  
  46  4:35  Pylon  
  46  4:40  Pylon  
  46  4:43  Pylon  
  46  4:44  Pylon  
  46  4:45  Pylon  
  46  4:46  Pylon  
  46  4:49  Nexus  
  46  4:54  Adept x4  
  53  5:00  Probe x2  
  55  5:07  Assimilator  
  55  5:08  Assimilator  
  55  5:10  Forge  
  55  5:12  Probe x2  
  55  5:13  Forge  
  57  5:20  Adept x3  
  63  5:22  Adept  
  63  5:24  Probe x2  
  67  5:36  Probe x2  
  69  5:48  Probe  
  69  5:49  Probe  
  65  5:55  Protoss Ground Weapons Level 1 (Chrono Boost)  
  63  5:57  Immortal  
  63  5:58  Protoss Ground Armor Level 1 (Chrono Boost)  
  63  6:00  Probe x2  
  63  6:01  Probe  
  70  6:07  Adept x3  
  70  6:08  Adept  
  78  6:11  Probe  
  78  6:13  Probe x2  
  81  6:21  Pylon  
  81  6:22  Probe  
  81  6:25  Probe x2  
  84  6:30  Pylon  
  84  6:32  Probe  
  84  6:38  Twilight Council  
  85  6:43  Gateway  
  85  6:44  Gateway  
  85  6:46  Gateway, Probe  
  86  6:47  Gateway  
  86  6:48  Gateway  
  86  6:52  Adept x3  
  92  6:57  Immortal  
  94  7:11  Probe  
  94  7:13  Blink (Chrono Boost)  
  95  7:19  Probe, Adept x4  
  95  7:20  Probe  
  95  7:22  Assimilator  
  105  7:25  Assimilator  
  105  7:36  Pylon  
  105  7:43  Gateway  
  105  7:45  Gateway  
  105  7:46  Adept x4  
  105  7:47  Gateway, Adept  
  105  7:50  Pylon  
  115  7:51  Pylon  
  115  7:53  Pylon  
  115  8:07  Pylon  
  115  8:08  Pylon  
  115  8:11  Pylon  
  115  8:21  Zealot x2  
  115  8:22  Zealot x4  
  115  8:23  Zealot x3  
  129  8:37  Stalker x2  
  133  8:50  Stalker x3  
  133  8:51  Stalker x5  
  133  8:52  Stalker  
  145  9:01  Warp Prism  
  143  9:16  Stalker x3  
  143  9:17  Stalker x3  
  149  9:40  Stalker x2  
  149  9:41  Stalker x4  
Show
View Real Time Build Order
Export as new Build Order

VBPreina Zerg 

Build Orders: Hatch First 

Get SALT Encoding   

  12  0:07  Overlord  
  12  0:12  Drone  
  13  0:17  Drone  
  14  0:29  Drone  
  14  0:33  Drone  
  16  0:40  Drone  
  17  0:53  Hatchery  
  17  0:55  Drone  
  17  1:01  Extractor  
  17  1:02  Drone  
  17  1:12  Drone  
  17  1:17  Spawning Pool  
  17  1:23  Overlord  
  17  1:34  Drone  
  18  1:44  Drone  
  19  2:06  Queen x2  
  23  2:09  Metabolic Boost  
  23  2:10  Zergling x2  
  23  2:11  Zergling x4  
  26  2:17  Drone  
  26  2:18  Drone  
  28  2:29  Drone  
  29  2:38  Overlord  
  29  2:39  Overlord  
  29  2:42  Queen  
  29  2:43  Drone  
  32  2:53  Drone, Roach Warren  
  32  3:02  Drone x2  
  32  3:03  Drone  
  36  3:12  Overlord x2  
  34  3:25  Zergling x12  
  39  3:43  Overlord  
  39  3:47  Drone x2  
  41  3:51  Hatchery  
  41  3:52  Lair  
  40  4:02  Drone x4  
  44  4:03  Drone  
  44  4:13  Zergling x2  
  44  4:14  Zergling x6  
  44  4:22  Drone x3  
  44  4:23  Extractor  
  46  4:24  Extractor  
  46  4:30  Drone x2  
  47  4:43  Evolution Chamber  
  46  4:49  Drone x3  
  46  4:50  Drone x3  
  52  4:55  Hydralisk Den  
  47  5:10  Queen  
  47  5:11  Queen x2  
  53  5:14  Zerg Missile Weapons Level 1  
  53  5:15  Zergling x2  
  53  5:16  Zergling x6  
  57  5:25  Spine Crawler  
  54  5:46  Zergling x22  
  54  5:47  Zergling x2  
  60  6:05  Drone x3  
  60  6:06  Drone x2, Extractor  
  60  6:07  Roach Warren  
  63  6:18  Hydralisk  
  63  6:19  Hydralisk x2, Muscular Augments  
  63  6:21  Spore Crawler  
  68  6:29  Spire  
  67  6:43  Drone x2  
  67  6:44  Drone x2  
  71  6:49  Drone x2  
  71  6:51  Overlord x2  
  65  7:13  Drone x3  
  65  7:15  Drone x7  
  71  7:16  Drone x3  
  71  7:18  Glial Reconstitution  
  78  7:41  Mutalisk x5  
  88  7:45  Overlord x2  
  88  7:46  Overlord  
  88  7:52  Drone  
  88  7:57  Overlord x2  
  88  7:58  Overlord x2  
  89  8:07  Mutalisk  
  89  8:08  Mutalisk x3  
  97  8:26  Extractor  
  96  8:28  Drone x3  
  96  8:29  Drone x3  
  96  8:30  Mutalisk x2, Extractor  
  96  8:31  Mutalisk  
  96  8:32  Hatchery  
  106  8:44  Zergling x14  
  106  8:45  Zergling x6  
  105  9:02  Zergling x2  
  96  9:03  Zergling x12  
  99  9:14  Zergling x2  
  99  9:15  Zergling x10  
Tags
 
Add a new tag
Caveats
  • Supply blocks, unpowered buildings, or Contaminate may cause inaccurate times.
  • Supply counts are checked every 10 seconds.